 Dungeon Crawl Stone Soup version 0.29-a0-841-g116ddc6ace (webtiles) character file.

Game seed: 9675262085988824541

228 IdlyInterested the Cudgeller (level 5, -5/57 HPs)
             Began as a Demonspawn Gladiator on July 14, 2022.
             Killed by divine providence
             ... invoked by an orc priest
              (16 damage)
             ... on level 3 of the Dungeon.
             The game lasted 00:10:24 (3608 turns).

IdlyInterested the Cudgeller (Demonspawn Gladiator) Turns: 3608, Time: 00:10:25

Health: -5/57      AC: 22    Str: 11 (14) XL:     5   Next: 70%
Magic:  6/6        EV:  2    Int:  7 (10) God:
Gold:   204        SH:  0    Dex: 14 (16) Spells: 6/6 levels left

rFire   . . .      SeeInvis .   j - +3 mace
rCold   . . .      Faith    .   (no shield)
rNeg    . . .      Spirit   .   (body armour currently unavailable)
rPois   +          Reflect  .   (helmet currently unavailable)
rElec   .          Harm     .   (cloak currently unavailable)
rCorr   .          Rampage  .   (gloves currently unavailable)
Will    .....      NoTele   +   (boots currently unavailable)
Stlth   ++........              (no amulet)
HPRegen 0.19/turn               (no ring)
MPRegen 0.10/turn               (no ring)

@: tree-form
A: stationary, stasis, torment immunity, boosted hp, foul stench 1, powered by
death 1
a: no special abilities


You were on level 3 of the Dungeon.
You were a tree.
You visited 1 branch of the dungeon, and saw 3 of its levels.
You also visited: Sewer.

You collected 204 gold pieces.

Inventory:

Hand Weapons
 a - a +0 flail
 j - a +3 mace (weapon)
Missiles
 d - 3 throwing nets
 e - a javelin
 g - 13 poisoned darts (quivered)
Armour
 c - a +0 helmet (melded)
 h - a +0 scale mail (melded)
 i - a +2 pair of boots (melded)
Magical Staves
 n - a staff of air
Scrolls
 f - 2 scrolls of brand weapon {unknown}
 l - a scroll of teleportation {unknown}
 m - a scroll of noise {unknown}
 o - a scroll of enchant weapon {unknown}
 q - 2 scrolls of vulnerability {unknown}
 r - 2 scrolls of identify {unknown}
 s - 4 scrolls of fog {unknown}
 v - a scroll of blinking {unknown}
Potions
 k - a potion of lignification
 p - a potion of resistance {unknown}
 t - a potion of cancellation {unknown}
 u - a potion of haste {unknown}


   Skills:
 + Level 2.0 Fighting
 * Level 4.9 Maces & Flails
 - Level 2.0 Throwing
 - Level 1.0 Armour
 - Level 3.0 Dodging
 - Level 1.0 Stealth
 - Level 1.0 Spellcasting
 - Level 1.0 Air Magic
 - Level 1.0 Evocations


You had 6 spell levels left.
You didn't know any spells.
Your spell library contained the following spells:

 Spells                   Type           Power      Damage    Failure   Level
 Scorch                   Fire           0%         2d5       54%         2
 Frozen Ramparts          Ice            0%         1d2       77%         3
 Flame Wave               Conj/Fire      0%         2d4       99%         4
 Ice Form                 Ice/Tmut       0%         N/A       99%         4
 Summon Ice Beast         Ice/Summ       0%         N/A       99%         4
 Summon Cactus Giant      Summ           0%         N/A       100%        6


Dungeon Overview and Level Annotations

Branches:
Dungeon (3/15)              Sewer (visited)

Altars:

Shops:
D:3 *


Innate Abilities, Weirdness & Mutations

You are a tree.
Your roots penetrate the ground, keeping you stationary.
You cannot be teleported.
You are immune to unholy pain and torment.
Your maximum health is greatly increased.
Your equipment is partially melded.
You may rarely emit foul miasma when damaged in melee.
You regenerate a little health from kills.


Message History

You now have 204 gold pieces (gained 9).
An orc comes into view. It is wielding a +0 flail.
The orc shouts!
You hear a shout!
An orc comes into view. It is wielding a +0 flail.
An orc comes into view. It is wielding a +0 trident.
An orc priest comes into view. It is wielding a +0 club.
The orc priest shouts!
The orc closely misses you.
You sock the orc!
You kill the orc!
The orc priest calls down the wrath of Beogh upon you.
Beogh smites you!
Training target 1.0 for Spellcasting reached!
Your Spellcasting skill increases to level 1!
The orc closely misses you.
Things that are here:
a +0 flail; a +0 leather armour; an orc corpse You completely miss the orc.
The orc priest calls down the wrath of Beogh upon you.
Beogh smites you!
The orc hits you from afar with a +0 trident.
The orc closely misses you. The orc barely misses you.
The orc priest invokes the aid of Beogh against you.
Beogh smites you!
* * * LOW HITPOINT WARNING * * *
It was a potion of degeneration.
There was something very wrong with that liquid.
You feel weakened.
You feel dopey.
You feel clumsy. The orc barely misses you.
The orc hits you from afar with a +0 trident.
* * * LOW HITPOINT WARNING * * *
It was a potion of lignification.
You turn into a tree.
Your +0 helmet melds into your body.
Your +2 pair of boots melds into your body.
Your +0 scale mail melds into your body.
Your roots penetrate the ground.
The orc hits you but does no damage. x2
You barely miss the orc. The orc completely misses you.
The orc priest invokes the aid of Beogh against you.
Beogh smites you!
You die...

#.....##########.,
#....## *,,,,,,⌠
#....# *,,,,,,,
#...##*****,,,,,,⌠
##...#
*,,,,,,,,,,,
#...##
*,,,,,,,,,,,
##...#
*,,,,,,,****
#....# *,,,,,,,*
*#.o♣## *,,,,,,,*
#....# *,,,,,,,*
#..oo# *,,,,,,,*
#....# *,,,,,,,*
#....#****,,,,,,,*
#.....,,,,,,,,,,,*
##....************
#....* **,,,*


You could see an orc priest and 2 orcs.

Vanquished Creatures
  A water moccasin (Sewer)
  A gnoll (D:1)
  A river rat (D:3)
  An adder (D:2)
  A worm (D:2)
  5 dart slugs
  2 orcs (D:3)
  4 bats
  6 endoplasms
  7 giant cockroaches
  5 hobgoblins
  6 jackals
  4 quokkas
  6 ball pythons
  4 frilled lizards
  6 goblins
  10 kobolds
  5 rats
75 creatures vanquished.

Notes
Turn   | Place    | Note
-------+----------+-------------------------------------------
     0 | D:1      | IdlyInterested the Demonspawn Gladiator began the quest for
                  | the Orb.
     0 | D:1      | Reached XP level 1. HP: 16/16 MP: 1/1
   344 | D:1      | Reached skill level 3 in Maces & Flails
   346 | D:1      | Gained mutation: You may rarely emit foul miasma when
                  | damaged in melee. [demonic ancestry]
   346 | D:1      | Reached XP level 2. HP: 9/22 MP: 2/2
   943 | D:1      | Reached XP level 3. HP: 11/27 MP: 3/3
  2216 | D:2      | Reached skill level 4 in Maces & Flails
  2216 | D:2      | Reached skill level 1 in Armour
  2216 | D:2      | Reached XP level 4. HP: 30/33 MP: 4/4
  2957 | D:3      | Found a glowing drain.
  2961 | Sewer    | Entered a sewer
  2977 | Sewer    | Reached skill level 1 in Stealth
  3119 | Sewer    | Noticed a water moccasin
  3138 | Sewer    | Killed a water moccasin
  3139 | Sewer    | Reached skill level 1 in Evocations
  3139 | Sewer    | Gained mutation: You regenerate a little health from kills.
                  | [demonic ancestry]
  3139 | Sewer    | Reached XP level 5. HP: 13/38 MP: 4/6
  3435 | D:3      | Found Yvitolep's General Store.
  3555 | D:3      | Reached skill level 1 in Air Magic
  3585 | D:3      | Found a faded altar of an unknown god.
  3604 | D:3      | Reached skill level 1 in Spellcasting
  3608 | D:3      | Killed from afar by an orc priest

Illustrated notes

Levels and vault maps discovered:
D:1:      evilmike_arrival_crescent, layout_basic
D:2:      layout_loops_ring, minmay_misc_feat_more_columns
D:3:      layout_basic, serial_shops, nicolae_shop_waterfront,
          gup_sewer_entry_bowl, hellmonk_ecumenical_altar_zigzags,
          minmay_stone_trees_small, nicolae_shop_vocational

Skill      XL: |  1  2  3  4  5 |
---------------+----------------+-----
Maces & Flails | 3 4 |  4.9
Dodging        | 3 |  3.0
Throwing       | 2 |  2.0
Armour         | 1 |  1.0
Stealth        | 1 |  1.0
Evocations     | 1 |  1.0
Air Magic      | 1 |  1.0
Spellcasting   | 1 |  1.0
Fighting       | |  2.0

Action                   |  1- 3 |  4- 6 || total
-------------------------+-------+-------++-------
Melee: Flail             |    79 |       ||    79
       Punch             |     2 |       ||     2
       Mace              |    29 |    81 ||   110
Throw: Dart              |       |     3 ||     3
  Use: Potion            |     1 |     4 ||     5
       Scroll            |     1 |     1 ||     2
 Stab: Sleeping          |     1 |       ||     1
Armor: Leather armour    |    18 |       ||    18
       Scale mail        |    18 |    41 ||    59
       Skin              |       |     2 ||     2
Dodge: Dodged            |    68 |    54 ||   122

Table legend: (Time is in decaauts)
 A = Elapsed time spent in this place.
 B = Non-inter-level travel time spent in this place.
 C = Inter-level travel time spent in this place.
 D = Time resting spent in this place.
 E = Time spent auto-exploring this place.
 F = Levels seen in this place.
 G = Mean time per level.
                   A        B        C        D        E       F      G
               +--------+--------+--------+--------+--------+-----+--------+
         Total |   3669 |   3413 |    256 |   1081 |   1575 |   4 |  917.2 |
       Dungeon |   3210 |   2954 |    256 |    780 |   1510 |   3 | 1070.0 |
         Sewer |    459 |    459 |      0 |    301 |     65 |   1 |  459.0 |
               +--------+--------+--------+--------+--------+-----+--------+

Top non-repeatable levels by time:
     D:1: 2100 daAuts
     D:2: 827 daAuts
   Sewer: 459 daAuts
     D:3: 282 daAuts
